 Dungeon Crawl Stone Soup version 0.31-a0-949-g57150269e1 (webtiles) character file.

Game seed: 12056045403225926653

618 skwerlee the Covered (level 7, 0/62 HPs)
             Began as a Minotaur Fighter on Oct 22, 2023.
             Slain by Duvessa
             ... wielding a +0 short sword
              (3 damage)
             ... on level 5 of the Dungeon.
             The game lasted 00:03:47 (3891 turns).

skwerlee the Covered (Minotaur Fighter)             Turns: 3891, Time: 00:03:47

Health: 0/62       AC:  9    Str: 23      XL:     7   Next: 21%
Magic:  6/6        EV: 10    Int:  2 (5)  God:
Gold:   248        SH:  4    Dex:  7 (9)  Spells: 6/6 levels left

rFire   . . .        j - +4 hand axe (freeze)
rCold   . . .        c - +0 buckler
rNeg    . . .        k - +2 scale mail {rPois}
rPois   +            (helmet restricted)
rElec   .            (no cloak)
rCorr   .            (no gloves)
SInv    .            (no boots)
Will    .....        (no amulet) Stlth
                     (no ring)
HPRegen 0.30/turn    (no ring)
MPRegen 0.10/turn

%: no passive effects
@: no status effects
A: horns 2, retaliatory headbutt
a: no special abilities


You were on level 5 of the Dungeon.
You visited 1 branch of the dungeon, and saw 5 of its levels.

You collected 248 gold pieces.

Inventory:

Hand Weapons
 a - a +0 war axe
 j - a +4 hand axe of freezing (weapon)
Armour
 b - a +0 scale mail
 c - a +0 buckler (worn)
 k - a +2 scale mail of poison resistance (worn)
Jewellery
 p - a +6 ring of dexterity
Scrolls
 f - a scroll of identify {unknown}
 i - a scroll of teleportation
 l - a scroll of immolation {unknown}
 m - a scroll of silence {unknown}
 n - a scroll of poison {unknown}
 q - a scroll of fear {unknown}
Potions
 d - a potion of might
 e - 2 potions of curing {unknown}
 g - 2 potions of degeneration
 h - a potion of attraction {unknown}
 o - 2 potions of heal wounds {unknown}


   Skills:
 * Level 5.9 Fighting
 + Level 5.8 Axes
 + Level 6.5 Armour
 + Level 2.0 Dodging
 + Level 0.1 Stealth
 - Level 3.6 Shields


You had 6 spell levels left.
You didn't know any spells.
Your spell library was empty.

Dungeon Overview and Level Annotations

Branches:
Dungeon (5/15)
 Temple: D:4-7

Altars:
Sif Muna

Annotations:
D:3 2 runed translucent doors, arpsito's ghost, amateur MiBe
D:5 Duvessa


Innate Abilities, Weirdness & Mutations

You have a pair of horns on your head.
You reflexively headbutt those who attack you in melee.


Message History

You are too injured to fight recklessly!
You are too injured to fight recklessly!
You are too injured to fight recklessly!
You are too injured to fight recklessly!
You are too injured to fight recklessly!
You are too injured to fight recklessly!
You are too injured to fight recklessly!
You are too injured to fight recklessly!
You are too injured to fight recklessly!
You are too injured to fight recklessly!
You slash Dowan! You freeze Dowan.
Dowan is heavily wounded.
You hit Duvessa but do no damage. Dowan barely misses you.
You furiously retaliate!
You headbutt Dowan!
You kill Dowan!
Duvessa screams in rage.
Duvessa goes berserk!
Duvessa hits you but does no damage.
Your Dodging skill increases to level 2!
You barely miss Duvessa. Your headbutt misses Duvessa.
Duvessa hits you with a +0 short sword. x2
You closely miss Duvessa. You headbutt Duvessa, but do no damage.
Duvessa hits you with a +0 short sword!
* * * LOW HITPOINT WARNING * * *
You closely miss Duvessa. You headbutt Duvessa!
Duvessa is lightly wounded.
Duvessa hits you with a +0 short sword!
* * * LOW HITPOINT WARNING * * *
Duvessa barely misses you.
You barely miss Duvessa.
Duvessa is lightly wounded.
You block Duvessa's attack. Duvessa closely misses you.
Unknown command.
You slash Duvessa! You freeze Duvessa.
Duvessa is heavily wounded.
Duvessa hits you with a +0 short sword.
* * * LOW HITPOINT WARNING * * *
You hit Duvessa. You freeze Duvessa.
Duvessa is heavily wounded.
Duvessa hits you with a +0 short sword.
You die...

#.#.........#..
#.#.........< .
#....#.#....
..#####.......#
....#....#)#.########
.....................
...........#.....##
...>........<...##
#......@..###..##
#.....)e...##...#
#.......##..#.....
......... ####$.##.#
#........ ... ..
.........# .... .
.........# .#.##
.........#


You could see Duvessa (berserk).

Vanquished Creatures
  Sigmund (D:3)
  Blork the orc (D:5)
  Dowan (D:5)
  2 hounds
  An orc priest (D:3)
  An iguana (D:4)
  Terence (D:3)
  An orc wizard (D:4)
  4 gnolls (D:3)
  3 adders
  An adder zombie (D:2)
  2 adder skeletons (D:2)
  3 worms
  2 dart slugs
  16 orcs
  4 bats
  A bat zombie (D:2)
  4 endoplasms
  2 giant cockroaches
  5 goblins
  2 hobgoblins
  4 jackals (D:4)
  2 quokkas
  9 ball pythons
  4 kobolds
  A rat (D:2)
78 creatures vanquished.

Vanquished Creatures (others)
  An orc wizard (D:3)
1 creature vanquished.

Grand Total: 79 creatures vanquished

Notes
Turn   | Place    | Note
-------+----------+-------------------------------------------
     0 | D:1      | skwerlee the Minotaur Fighter began the quest for the Orb.
     0 | D:1      | Reached XP level 1. HP: 19/19 MP: 0/0
   238 | D:1      | Reached skill level 4 in Armour
   238 | D:1      | Reached XP level 2. HP: 27/27 MP: 1/1
   668 | D:1      | Found a faded altar of an unknown god.
   978 | D:2      | Reached XP level 3. HP: 31/34 MP: 2/2
  1504 | D:3      | Noticed Terence
  1513 | D:3      | Killed Terence
  1514 | D:3      | Reached XP level 4. HP: 4/41 MP: 3/3
  1862 | D:3      | Reached skill level 5 in Armour
  2028 | D:3      | Reached skill level 5 in Fighting
  2028 | D:3      | Reached skill level 1 in Dodging
  2028 | D:3      | Reached XP level 5. HP: 33/48 MP: 4/4
  2214 | D:3      | Noticed Sigmund
  2222 | D:3      | Killed Sigmund
  2223 | D:3      | Reached XP level 6. HP: 28/56 MP: 5/5
  2591 | D:3      | Found a large runed translucent door.
  2591 | D:3      | Found a large runed translucent door.
  2595 | D:3      | Noticed arpsito's ghost (amateur MiBe)
  2938 | D:4      | Reached skill level 6 in Armour
  2940 | D:4      | Reached skill level 5 in Axes
  3581 | D:4      | Found a shimmering blue altar of Sif Muna.
  3835 | D:5      | Entered Level 5 of the Dungeon
  3836 | D:5      | Noticed Blork the orc
  3846 | D:5      | Killed Blork the orc
  3847 | D:5      | Reached XP level 7. HP: 32/62 MP: 6/6
  3878 | D:5      | Noticed Dowan
  3879 | D:5      | Noticed Duvessa
  3885 | D:5      | Killed Dowan
  3890 | D:5      | HP: 2/62 [Duvessa/+0 short sword (3)]
  3891 | D:5      | Slain by Duvessa

Illustrated notes

Levels and vault maps discovered:
D:1:      wheals_arrival_linesprint, layout_loops_corners,
          shapermc_ecumenical_altar_mp_vishouse
D:2:      layout_loops_ring, serial_undead, serial_undead_c, serial_undead_c,
          serial_undead_f, serial_undead_f
D:3:      layout_basic, ebering_ghost_disaster_area, uniq_sigmund, uniq_terence
D:4:      layout_cave_pools, nicolae_sif_muna_condensation,
          uniq_crazy_yiuf_cottage
D:5:      layout_cave_pools, serial_co_window_serial,
          co_window_of_opportunity_a, co_window_paths_b, co_window_cross_1,
          co_window_paths_a, co_window_paths_a, co_window_paths_c,
          co_window_of_opportunity_b, co_window_2corner, co_window_2corner,
          co_window_of_opportunity_b, co_window_corner_b, co_window_corner_b,
          co_window_4corner_a, glass_columns_a, glass_columns_a,
          glass_columns_a, glass_columns_b, glass_columns_a, uniq_duvessa,
          uniq_menkaure, uniq_blork_the_orc, uniq_edmund

Skill      XL: |  1  2  3  4  5  6  7 |
---------------+----------------------+-----
Fighting       | 4 5 |  5.9
Armour         | 4 5 6 |  6.5
Axes           | 3 4 5 |  5.8
Dodging        | 1 2 |  2.0
Stealth        | |  0.1
Shields        | |  3.6

Action                     |  1- 3 |  4- 6 |  7- 9 || total
---------------------------+-------+-------+-------++-------
  Melee: War axe           |    49 |     1 |       ||    50
         Headbutt          |     9 |    15 |     2 ||    26
         Hand axe          |       |    92 |     9 ||   101
    Use: Scroll            |       |     1 |       ||     1
         Potion            |       |     1 |       ||     1
 Armour: Scale mail        |    43 |    64 |    10 ||   117
  Dodge: Dodged            |    22 |    42 |     5 ||    69
  Block: Buckler           |    17 |    19 |     2 ||    38

Table legend: (Time is in decaauts)
 A = Elapsed time spent in this place.
 B = Non-inter-level travel time spent in this place.
 C = Inter-level travel time spent in this place.
 D = Time resting spent in this place.
 E = Time spent auto-exploring this place.
 F = Levels seen in this place.
 G = Mean time per level.
                   A        B        C        D        E       F      G
               +--------+--------+--------+--------+--------+-----+--------+
         Total |   3920 |   3783 |    137 |   1053 |   2303 |   5 |  784.0 |
       Dungeon |   3920 |   3783 |    137 |   1053 |   2303 |   5 |  784.0 |
               +--------+--------+--------+--------+--------+-----+--------+

Top non-repeatable levels by time:
     D:3: 1427 daAuts
     D:4: 915 daAuts
     D:1: 903 daAuts
     D:2: 617 daAuts
     D:5: 56 daAuts
